MLB
PHILADELPHIA PHILLIES @ CINCINNATI REDS
08/14/2030
 
TOP OF THE 1ST
Philadelphia Phillies batting - Pitching for Cincinnati Reds : RHP J.D. Wood
Pitching: RHP J.D. Wood
Batting: LHB Jimmy Foist 0-0: Foul Ball, location: 2F
0-1: Ball
1-1: Foul Ball, location: 2F
1-2: Ball
2-2: Fly out, F7 (Flyball, 7S, EV 91.3 MPH)
Batting: RHB Austin Hays 0-0: Foul Ball, location: 9LMF
0-1: Ball
1-1: Ball
2-1: Ball
3-1: Base on Balls
Batting: SHB Wander Franco 0-0: Called Strike
0-1: Swinging Strike
0-2: Strikes out swinging
Batting: LHB Tommy Bruner 0-0: Called Strike
0-1: Ball
1-1: Foul Ball, location: 2F
1-2: Foul Ball, location: 2RF
1-2: Foul Ball, location: 5SF
1-2: Ball
2-2: Strikes out swinging
Top of the 1st over - 0 runs, 0 hits, 0 errors, 1 left on base; Philadelphia 0 - Cincinnati 0
BOTTOM OF THE 1ST
Cincinnati Reds batting - Pitching for Philadelphia Phillies : RHP Francis Martes
Pitching: RHP Francis Martes
Batting: LHB Zach Skelton 0-0: Called Strike
0-1: Swinging Strike
0-2: Foul Ball, location: 25F
0-2: Foul Ball, location: 7LMFF
0-2: Foul Ball, location: 2F
0-2: Foul Ball, location: 23F
0-2: Ball
1-2: Strikes out looking
Batting: LHB Chad Pitts 0-0: Fly out, F9 (Line Drive, 9, EV 97.5 MPH)
Batting: SHB D.J. White 0-0: Ball
1-0: Ball
2-0: Ball
3-0: Called Strike
3-1: Foul Ball, location: 9LSF
3-2: Strikes out looking
Bottom of the 1st over - 0 runs, 0 hits, 0 errors, 0 left on base; Philadelphia 0 - Cincinnati 0
TOP OF THE 2ND
Philadelphia Phillies batting - Pitching for Cincinnati Reds : RHP J.D. Wood
Batting: LHB Chris McKoon 0-0: Ball
1-0: Ball
2-0: Swinging Strike
2-1: Swinging Strike
2-2: Ball
3-2: Foul Ball, location: 2F
3-2: Base on Balls
Batting: RHB Cristian Pache 0-0: Called Strike
0-1: Called Strike
0-2: Ball
1-2: Ball
2-2: Ball
3-2: Strikes out swinging
Batting: LHB Rickardo Perez 0-0: Swinging Strike
0-1: Ball
1-1: Foul Ball, location: 2F
1-2: Strikes out swinging
Batting: RHB Marco Luciano 0-0: Ball
1-0: Fly out, F9 (Flyball, 9, EV 90.6 MPH)
Top of the 2nd over - 0 runs, 0 hits, 0 errors, 1 left on base; Philadelphia 0 - Cincinnati 0
BOTTOM OF THE 2ND
Cincinnati Reds batting - Pitching for Philadelphia Phillies : RHP Francis Martes
Batting: LHB Tony Rivera 0-0: Ball
1-0: SINGLE (Groundball, 5D, EV 103.1 MPH) (infield hit)
Batting: RHB Nick Senzel 0-0: Ball
1-0: Ball
2-0: Foul Ball, location: 2F
2-1: Grounds into double play, 6-4-3 (Groundball, 6, EV 89.4 MPH)
Batting: RHB Earl Lemay 0-0: Foul Ball, location: 2F
0-1: Swinging Strike
0-2: Ground out 5-3 (Groundball, 56, EV 88.8 MPH)
Bottom of the 2nd over - 0 runs, 1 hit, 0 errors, 0 left on base; Philadelphia 0 - Cincinnati 0
TOP OF THE 3RD
Philadelphia Phillies batting - Pitching for Cincinnati Reds : RHP J.D. Wood
Batting: RHB Chris Chilson 0-0: Called Strike
0-1: Ball
1-1: Foul Ball, location: 5SF
1-2: Foul Ball, location: 2F
1-2: Strikes out swinging
Batting: LHB Jimmy Foist 0-0: Called Strike
0-1: Ball
1-1: Fly out, F8 (Flyball, 8LD, EV 101.9 MPH)
Batting: RHB Austin Hays 0-0: Ball
1-0: Called Strike
1-1: Ball
2-1: Called Strike
2-2: Strikes out looking
Top of the 3rd over - 0 runs, 0 hits, 0 errors, 0 left on base; Philadelphia 0 - Cincinnati 0
BOTTOM OF THE 3RD
Cincinnati Reds batting - Pitching for Philadelphia Phillies : RHP Francis Martes
Batting: RHB Jon Riedl 0-0: Ball
1-0: Ground out 5-3 (Groundball, 56S, EV 75.6 MPH)
Batting: RHB Sam Brown 0-0: Ball
1-0: Foul Ball, location: 2LF
1-1: Ball
2-1: Foul Ball, location: 2F
2-2: Strikes out looking
Batting: RHB Alex Puentes 0-0: Called Strike
0-1: Ground out 6-3 (Groundball, 6, EV 80.6 MPH)
Bottom of the 3rd over - 0 runs, 0 hits, 0 errors, 0 left on base; Philadelphia 0 - Cincinnati 0
TOP OF THE 4TH
Philadelphia Phillies batting - Pitching for Cincinnati Reds : RHP J.D. Wood
Batting: SHB Wander Franco 0-0: Ball
1-0: Foul Ball, location: 3FF
1-1: SINGLE (Groundball, 4S, EV 67.5 MPH) (infield hit)
Batting: LHB Tommy Bruner 0-0: Called Strike
0-1: Swinging Strike
0-2: Ball
1-2: Foul Ball, location: 7LDF
1-2: Ball
2-2: Ball
3-2: Strikes out looking
Wander Franco steals 2nd base
Batter strikes out.
Batting: LHB Chris McKoon 0-0: Ball
1-0: Ball
2-0: Ground out 4-3 (Groundball, 4, EV 84.4 MPH)
Wander Franco to third
Batting: RHB Cristian Pache 0-0: Called Strike
0-1: Ball
1-1: Ground out 4-3 (Groundball, 34D, EV 100.0 MPH)
Top of the 4th over - 0 runs, 1 hit, 0 errors, 1 left on base; Philadelphia 0 - Cincinnati 0
BOTTOM OF THE 4TH
Cincinnati Reds batting - Pitching for Philadelphia Phillies : RHP Francis Martes
Batting: LHB Zach Skelton 0-0: Ground out 1-3 (Groundball, 13S, EV 73.1 MPH)
Batting: LHB Chad Pitts 0-0: Called Strike
0-1: Ball
1-1: Foul Ball, location: 3DF
1-2: Ball
2-2: Ball
3-2: SINGLE (Groundball, 6MD, EV 103.8 MPH)
Batting: SHB D.J. White 0-0: Grounds into double play, 5-4-3 (Groundball, 6, EV 98.1 MPH)
Bottom of the 4th over - 0 runs, 1 hit, 0 errors, 0 left on base; Philadelphia 0 - Cincinnati 0
TOP OF THE 5TH
Philadelphia Phillies batting - Pitching for Cincinnati Reds : RHP J.D. Wood
Batting: LHB Rickardo Perez 0-0: Ball
1-0: Called Strike
1-1: Ball
2-1: Ball
3-1: Called Strike
3-2: Foul Ball, location: 2F
3-2: Foul Ball, location: 5FF
3-2: Base on Balls
Batting: RHB Marco Luciano 0-0: Foul Ball, location: 2F
0-1: Swinging Strike
0-2: Ball
1-2: Foul Ball, location: 3FF
1-2: Ball
2-2: Foul Ball, location: 2F
2-2: Strikes out looking
Batting: RHB Chris Chilson 0-0: Fly out, F4 (Line Drive, 4M, EV 100.0 MPH)
Batting: LHB Jimmy Foist 0-0: Ball
1-0: Foul Ball, location: 2F
1-1: Ball
2-1: Foul Ball, location: 7LSF
2-2: SINGLE (Groundball, 4MD, EV 96.9 MPH)
Rickardo Perez to second
Runner from 2nd tries for 3rd, SAFE, throw by CF made to third
Batting: RHB Austin Hays 0-0: Ball
1-0: Swinging Strike
1-1: Fielders Choice at 2nd, 6-4 (Groundball, 6, EV 100.6 MPH)
Top of the 5th over - 0 runs, 1 hit, 0 errors, 2 left on base; Philadelphia 0 - Cincinnati 0
BOTTOM OF THE 5TH
Cincinnati Reds batting - Pitching for Philadelphia Phillies : RHP Francis Martes
Batting: LHB Tony Rivera 0-0: Ball
1-0: Ball
2-0: Ball
3-0: Called Strike
3-1: SINGLE (Line Drive, 9LS, EV 103.8 MPH)
Batting: RHB Nick Senzel 0-0: Foul Ball, location: 2F
0-1: Ball
1-1: Foul Ball, location: 3DF
1-2: Ball
2-2: Foul Ball, location: 9LDF
2-2: Ball
3-2: Foul Ball, location: 2F
3-2: Strikes out swinging
Tony Rivera is caught stealing 2nd base 2-4
Batter strikes out.
Batting: RHB Earl Lemay 0-0: Called Strike
0-1: Ball
1-1: Ball
2-1: Fly out, F7 (Flyball, 7LS, EV 85.0 MPH)
Bottom of the 5th over - 0 runs, 1 hit, 0 errors, 0 left on base; Philadelphia 0 - Cincinnati 0
TOP OF THE 6TH
Philadelphia Phillies batting - Pitching for Cincinnati Reds : RHP J.D. Wood
Batting: SHB Wander Franco 0-0: Ball
1-0: Ground out 4-3 (Groundball, 34, EV 88.8 MPH)
Batting: LHB Tommy Bruner 0-0: Ball
1-0: Called Strike
1-1: Called Strike
1-2: Strikes out swinging
Batting: LHB Chris McKoon 0-0: Ball
1-0: Ball
2-0: Ball
3-0: Called Strike
3-1: Base on Balls
Pitching: RHP Victor Mucino
Batting: RHB Cristian Pache 0-0: Swinging Strike
0-1: Foul Ball, location: 25FF
0-2: Ball
1-2: Ball
2-2: Ball
3-2: Fly out, F9 (Line Drive, 9, EV 97.5 MPH)
Top of the 6th over - 0 runs, 0 hits, 0 errors, 1 left on base; Philadelphia 0 - Cincinnati 0
BOTTOM OF THE 6TH
Cincinnati Reds batting - Pitching for Philadelphia Phillies : RHP Francis Martes
Batting: RHB Jon Riedl 0-0: Ball
1-0: Ball
2-0: Ground out 1-3 (Groundball, 15, EV 76.9 MPH)
Batting: RHB Sam Brown 0-0: Foul Ball, location: 7LMF
0-1: Ball
1-1: Ball
2-1: Ground out 6-3 (Groundball, 6, EV 81.3 MPH)
Batting: RHB Alex Puentes 0-0: Foul Ball, location: 23F
0-1: Called Strike
0-2: Ball
1-2: Ball
2-2: Ground out 6-3 (Groundball, 6, EV 89.4 MPH)
Bottom of the 6th over - 0 runs, 0 hits, 0 errors, 0 left on base; Philadelphia 0 - Cincinnati 0
TOP OF THE 7TH
Philadelphia Phillies batting - Pitching for Cincinnati Reds : RHP Victor Mucino
Batting: LHB Rickardo Perez 0-0: Ball
1-0: Ball
2-0: Fly out, F7 (Flyball, 78M, EV 91.3 MPH)
Batting: RHB Marco Luciano 0-0: Ball
1-0: Foul Ball, location: 5DF
1-1: Foul Ball, location: 9LDF
1-2: Ball
2-2: Ball
3-2: Fly out, F8 (Flyball, 8RM, EV 98.1 MPH)
Batting: RHB Chris Chilson 0-0: Ball
1-0: Ball
2-0: Ground out 6-3 (Groundball, 6, EV 83.1 MPH)
Top of the 7th over - 0 runs, 0 hits, 0 errors, 0 left on base; Philadelphia 0 - Cincinnati 0
BOTTOM OF THE 7TH
Cincinnati Reds batting - Pitching for Philadelphia Phillies : RHP Francis Martes
Batting: LHB Zach Skelton 0-0: Called Strike
0-1: Swinging Strike
0-2: Ball
1-2: Strikes out swinging
Pitching: LHP Jeff Davis
Batting: LHB Chad Pitts 0-0: Ball
1-0: Fly out, F7 (Line Drive, 7, EV 86.9 MPH)
Batting: SHB D.J. White 0-0: Called Strike
0-1: Ball
1-1: SINGLE (Line Drive, 4D, EV 101.9 MPH)
Batting: LHB Tony Rivera 0-0: Ball
1-0: Foul Ball, location: 7LMF
1-1: Swinging Strike
1-2: Strikes out swinging
Bottom of the 7th over - 0 runs, 1 hit, 0 errors, 1 left on base; Philadelphia 0 - Cincinnati 0
TOP OF THE 8TH
Philadelphia Phillies batting - Pitching for Cincinnati Reds : RHP Victor Mucino
Batting: LHB Jimmy Foist 0-0: Ball
1-0: Swinging Strike
1-1: Ball
2-1: Ground out 4-3 (Groundball, 34, EV 108.1 MPH)
Batting: RHB Austin Hays 0-0: Ball
1-0: Ball
2-0: Ball
3-0: Called Strike
3-1: Fly out, F6 (Line Drive, 6MD, EV 68.8 MPH)
Pitching: RHP Mike Stengel
Batting: SHB Wander Franco 0-0: Ball
1-0: Swinging Strike
1-1: Swinging Strike
1-2: Ball
2-2: Ball
3-2: Strikes out swinging
Top of the 8th over - 0 runs, 0 hits, 0 errors, 0 left on base; Philadelphia 0 - Cincinnati 0
BOTTOM OF THE 8TH
Cincinnati Reds batting - Pitching for Philadelphia Phillies : LHP Jeff Davis
Pitching: RHP Frander Veras
Pinch Hitting: SHB Jorge Brereton 0-0: Ball
1-0: Ball
2-0: Ball
3-0: Called Strike
3-1: Called Strike
3-2: Foul Ball, location: 2LF
3-2: Strikes out swinging
Pinch Hitting: SHB Adalberto Mondesi 0-0: Called Strike
0-1: Foul Ball, location: 3F
0-2: Ball
1-2: Ball
2-2: Strikes out swinging
Batting: RHB Jon Riedl 0-0: Ball
1-0: Called Strike
1-1: Ground out 6-3 (Groundball, 56, EV 88.8 MPH)
Bottom of the 8th over - 0 runs, 0 hits, 0 errors, 0 left on base; Philadelphia 0 - Cincinnati 0
TOP OF THE 9TH
Philadelphia Phillies batting - Pitching for Cincinnati Reds : RHP Mike Stengel
Pitching: LHP Oddanier Mosqueda
Now at 2B: Adalberto Mondesi
Now at 3B: Jorge Brereton
Batting: LHB Tommy Bruner 0-0: Ball
1-0: Foul Ball, location: 7LSF
1-1: Foul Ball, location: 25F
1-2: Ball
2-2: Ground out 3-1 (Groundball, 34, EV 76.3 MPH)
Batting: LHB Chris McKoon 0-0: Fly out, F7 (Flyball, 7D, EV 91.9 MPH)
Pitching: RHP Joe Boyle
Pinch Hitting: LHB Dan Rhodes 0-0: Foul Ball, location: 7LDF
0-1: Ball
1-1: Called Strike
1-2: Fly out, F8 (Flyball, 8LXD, EV 100.0 MPH)
Top of the 9th over - 0 runs, 0 hits, 0 errors, 0 left on base; Philadelphia 0 - Cincinnati 0
BOTTOM OF THE 9TH
Cincinnati Reds batting - Pitching for Philadelphia Phillies : RHP Frander Veras
Now in LF: Dan Rhodes
Now in CF: Austin Hays
Batting: RHB Sam Brown 0-0: Called Strike
0-1: Foul Ball, location: 2F
0-2: Foul Ball, location: 5F
0-2: Foul Ball, location: 9LSF
0-2: Strikes out looking
Batting: RHB Alex Puentes 0-0: Ball
1-0: Ball
2-0: Ball
3-0: Base on Balls
Pitching: RHP J.B. Bukauskas
Batting: LHB Zach Skelton 0-0: Called Strike
0-1: SINGLE (Groundball, 34, EV 106.3 MPH)
Alex Puentes to second
Runner from 2nd tries for 3rd, SAFE, throw by RF made to third
Zach Skelton to second
Batting: LHB Chad Pitts 0-0: Intentional Walk
Batting: SHB D.J. White 0-0: Called Strike
0-1: Ball
1-1: Called Strike
1-2: Strikes out looking
Batting: LHB Tony Rivera 0-0: Ball
1-0: Swinging Strike
1-1: Foul Ball, location: 7LDF
1-2: Strikes out swinging
Bottom of the 9th over - 0 runs, 1 hit, 0 errors, 3 left on base; Philadelphia 0 - Cincinnati 0
TOP OF THE 10TH
Philadelphia Phillies batting - Pitching for Cincinnati Reds : RHP Joe Boyle
Batting: LHB Rickardo Perez 0-0: Called Strike
0-1: Swinging Strike
0-2: Ground out U3 (Groundball, 3L, EV 107.5 MPH)
Batting: RHB Marco Luciano 0-0: Called Strike
0-1: Ball
1-1: Ball
2-1: Called Strike
2-2: Strikes out swinging
Batting: RHB Chris Chilson 0-0: Ball
1-0: Called Strike
1-1: SINGLE (Groundball, 6M, EV 108.1 MPH) (infield hit)
Pinch Runner at 1st Dominic Smith:
Batting: LHB Jimmy Foist 0-0: Foul Ball, location: 2F
0-1: Swinging Strike
0-2: Ball
1-2: Strikes out swinging
Top of the 10th over - 0 runs, 1 hit, 0 errors, 1 left on base; Philadelphia 0 - Cincinnati 0
BOTTOM OF THE 10TH
Cincinnati Reds batting - Pitching for Philadelphia Phillies : RHP J.B. Bukauskas
Pitching: RHP Juan Mejia
Now at 2B: Alex Vallejo
Now at SS: Marco Luciano
Batting: SHB Jorge Brereton 0-0: Ball
1-0: Foul Ball, location: 3FF
1-1: Ball
2-1: Called Strike
2-2: Fly out, F9 (Line Drive, 9S, EV 88.1 MPH)
Batting: SHB Adalberto Mondesi 0-0: Swinging Strike
0-1: Ball
1-1: Ball
2-1: Ground out 4-3 (Groundball, 4, EV 95.0 MPH)
Batting: RHB Jon Riedl 0-0: Called Strike
0-1: Ball
1-1: Ball
2-1: Ball
3-1: Base on Balls
Batting: RHB Sam Brown 0-0: Ball
1-0: Ball
2-0: Ball
3-0: Called Strike
3-1: Bunt for hit to 15S - play at first, batter OUT! 1-3
Bottom of the 10th over - 0 runs, 0 hits, 0 errors, 0 left on base; Philadelphia 0 - Cincinnati 0
Bottom of the 10th over - 0 runs, 0 hits, 0 errors, 1 left on base; Philadelphia 0 - Cincinnati 0
TOP OF THE 11TH
Philadelphia Phillies batting - Pitching for Cincinnati Reds : RHP Joe Boyle
Pitching: RHP Jeremy Beasley
Batting: RHB Austin Hays 0-0: Ball
1-0: Ball
2-0: Foul Ball, location: 2F
2-1: DOUBLE (Flyball, 8RXD, EV 106.3 MPH)
Batting: SHB Wander Franco 0-0: Ball
1-0: Ball
2-0: Fly out, F7 (Flyball, 7, EV 73.8 MPH)
Batting: LHB Tommy Bruner 0-0: Ground out 4-3 (Groundball, 4, EV 92.5 MPH)
Austin Hays to third
Batting: LHB Chris McKoon 0-0: Ball
1-0: Ball
2-0: 2-RUN HOME RUN (Flyball, 9LD, EV 94.4 MPH), Distance : 353 ft
Batting: LHB Dan Rhodes 0-0: Ball
1-0: Fly out, F5 (Popup, 6, EV 73.8 MPH)
Top of the 11th over - 2 runs, 2 hits, 0 errors, 0 left on base; Philadelphia 2 - Cincinnati 0
BOTTOM OF THE 11TH
Cincinnati Reds batting - Pitching for Philadelphia Phillies : RHP Juan Mejia
Batting: RHB Alex Puentes 0-0: Called Strike
0-1: Ground out 6-3 (Groundball, 6, EV 84.4 MPH)
Batting: LHB Zach Skelton 0-0: Called Strike
0-1: Ball
1-1: Called Strike
1-2: Ball
2-2: Foul Ball, location: 2F
2-2: Ball
3-2: Base on Balls
Pitching: LHP Darwinzon Hernandez
Batting: LHB Chad Pitts 0-0: Called Strike
0-1: Fly out, F4 (Line Drive, 4MD, EV 67.5 MPH)
Now at 2B: Marco Luciano
Now at SS: William Contreras
Batting: SHB D.J. White 0-0: Called Strike
0-1: Ball
1-1: Ball
2-1: SINGLE (Line Drive, 7S, EV 90.6 MPH)
Zach Skelton to second
Batting: LHB Tony Rivera 0-0: Called Strike
0-1: Ground out 5-3 (Groundball, 56S, EV 93.1 MPH)
Bottom of the 11th over - 0 runs, 1 hit, 0 errors, 2 left on base; Philadelphia 2 - Cincinnati 0
Wednesday, April 10th , 2024 - OOTP Baseball 24.7 Build 72